 Dungeon Crawl Stone Soup version 0.31-a0-83-gbff143cfd1 (webtiles) character file.

Game seed: 12136695660846339560

2543 mopl the Martial Artist (level 9, 0/57 HPs)
             Began as a Djinni Transmuter on May 22, 2023.
             Slain by a shadow (2 damage)
             ... on level 8 of the Dungeon on May 24, 2023.
             The game lasted 00:10:24 (5965 turns).

mopl the Martial Artist (Djinni Transmuter)         Turns: 5965, Time: 00:10:24

Health: 0/57       AC:  7    Str: 13    XL:     9   Next: 85%
Gold:   424        EV: 13    Int: 15    God:
                   SH:  0    Dex: 23

rFire   + +          .
                       - Unarmed
rCold   . . .        (no shield)
rNeg    . . .        a - +0 robe
rPois   ∞            h - +0 helmet
rElec   .            t - +2 cloak of Tuytoj {+Blink Dex+3}
rCorr   .            w - +0 pair of gloves
SInv    .            (boots unavailable)
Will    .....        x - amulet of the acrobat
Stlth   ++           C - +6 ring of dexterity
HPRegen 0.29/turn    D - ring of protection from cold
MPRegen 0.00/turn

%: acrobat, infuse magic (-1 HP)
@: flying
A: sickness immunity, fire resistance 2, cold vulnerability 1, float, innate
caster, HP casting, extra vitality 1
a: Evoke Blink


You were on level 8 of the Dungeon.
You visited 1 branch of the dungeon, and saw 8 of its levels.

You collected 545 gold pieces.
You spent 121 gold pieces at shops.

Inventory:

Hand Weapons
 H - the +7 sling "Ipsuc" {drain, rC+}
   (You found it on level 7 of the Dungeon)

   rC:        It protects you from cold.
Missiles
 n - 5 silver javelins
 u - 5 boomerangs
 E - 3 silver boomerangs
Armour
 a - a +0 robe (worn)
 d - a +0 tower shield
 h - a +0 helmet (worn)
 t - the +2 cloak of Tuytoj (worn) {+Blink Dex+3}
   (You found it on level 3 of the Dungeon)

   Dex:       It affects your dexterity (+3).
   +Blink:    It lets you blink.
 w - a +0 pair of gloves (worn)
Jewellery
 x - an amulet of the acrobat (around neck)
 C - a +6 ring of dexterity (left hand)
 D - a ring of protection from cold (right hand)
Wands
 q - a wand of mindburst (21)
 y - a wand of acid (6)
Scrolls
 c - 2 scrolls of poison {unknown}
 f - a scroll of silence {unknown}
 g - 4 scrolls of fear {unknown}
 i - 5 scrolls of amnesia {unknown}
 m - 3 scrolls of blinking {unknown}
 p - 2 scrolls of enchant weapon {unknown}
 r - 5 scrolls of teleportation
 s - a scroll of immolation
 v - 2 scrolls of magic mapping {unknown}
 B - a scroll of fog {unknown}
 G - a scroll of enchant armour {unknown}
Potions
 b - a potion of lignification {!q}
 e - 2 potions of ambrosia
 j - 2 potions of invisibility
 k - a potion of brilliance
 l - a potion of haste
 o - 3 potions of curing
 z - a potion of heal wounds
 A - a potion of might
 F - a potion of mutation {unknown}


   Skills:
 + Level 1.1 Fighting
 + Level 0.2 Throwing
 + Level 2.3 Dodging
 + Level 8.4 Unarmed Combat
 + Level 5.7 Spellcasting
 + Level 5.7 Conjurations
 + Level 5.7 Hexes
 + Level 5.7 Summonings
 + Level 5.7 Necromancy
 + Level 5.7 Translocations
 + Level 5.7 Transmutations
 + Level 5.7 Fire Magic
 + Level 5.7 Ice Magic
 + Level 5.7 Air Magic
 + Level 5.7 Earth Magic
 + Level 5.7 Poison Magic
 + Level 6.4 Evocations


You knew the following spells:

 Your Spells              Type           Power      Damage    Failure   Level
a - Beastly Appendage     Tmut           42%        N/A       1%          1
b - Spider Form           Tmut/Pois      19%        N/A       6%          3
c - Foxfire               Conj/Fire      76%        2x1d7     1%          1
d - Ice Form              Ice/Tmut       19%        N/A       19%         4
e - Scorch                Fire           42%        2d7       2%          2
f - Static Discharge      Conj/Air       38%        2-4/arc   3%          2
g - Passage of Golubria   Tloc           21%        N/A       14%         4
w - Wereblood             Tmut           21%        N/A       2%          2
Your spell library was empty.

Dungeon Overview and Level Annotations

Branches:
Dungeon (8/15)             Temple (0/1) D:5
   Lair: D:8-11

Altars:
Elyvilon

Shops:
D:3 ?

Annotations:
D:4 1 runed translucent door, pk666's ghost, amateur DEHW


Innate Abilities, Weirdness & Mutations

You are immune to sickness and miasma.
You are immune to poison.
Your flesh is very heat resistant. (rF++)
You are vulnerable to cold. (rC-)
You float through the air rather than walking.
You learn spells naturally, not from books.
Your magical power is your life essence.
You have superior vitality. (+4 MHP)


Message History

No target in view!
No target in view!
No target in view!
You closely miss something.
The shadow strikes at you from the darkness!
Reactivating autopickup.
You barely miss the shadow. The shadow hits you!
You hit the shadow but do no damage. The shadow barely misses you.
You punch the shadow!
The shadow is moderately damaged.
You closely miss the shadow.
The shadow is moderately damaged.
The shadow barely misses you.
You hit the shadow but do no damage.
The shadow is moderately damaged.
The shadow hits you.
* * * LOW HITPOINT WARNING * * *
You hit the shadow. Your punch misses the shadow.
The shadow is moderately damaged.
The shadow hits you.
You barely miss the shadow.
The shadow is moderately damaged.
The shadow hits you!
* * * LOW HITPOINT WARNING * * *
You hit the shadow but do no damage.
The shadow is moderately damaged.
The shadow hits you!
* * * LOW HITPOINT WARNING * * *
You barely miss the shadow.
The shadow is moderately damaged.
The shadow misses you.
You closely miss the shadow.
The shadow is moderately damaged.
You closely miss the shadow.
The shadow is moderately damaged.
The shadow hits you.
You hit the shadow but do no damage. Your punch misses the shadow.
The shadow is moderately damaged.
The shadow hits you.
You die...

###+########
..........#
#.........#
#.........#
#.........#
#.........# #
#.........#
#.##+##....@W...#
........>.......#
........#########
.......<#
........#
........# .
........# .
#.......#
##.######


You could see a shadow.

Vanquished Creatures
  Sigmund (D:3)
  A yak (D:7)
  Eustachio (D:3)
  A steam dragon (D:7)
  2 black bears
  2 centaurs
  2 phantoms
  2 bullfrogs (D:7)
  2 scorpions
  3 killer bees (D:7)
  7 hounds
  3 orc priests
  2 jellies
  3 sleepcaps
  8 iguanas
  9 orc wizards
  9 adders
  A white imp (D:6)
  5 worms
  4 dart slugs
  30 orcs
  6 endoplasms
  2 giant cockroaches
  9 goblins
  5 hobgoblins
  2 jackals (D:2)
  3 quokkas
  7 ball pythons
  3 bats
  3 frilled lizards
  2 kobolds
  6 rats
146 creatures vanquished.

Notes
Turn   | Place    | Note
-------+----------+-------------------------------------------
     0 | D:1      | mopl the Djinni Transmuter began the quest for the Orb.
     0 | D:1      | mopl set off with the following spells memorised: Beastly
                  | Appendage, Wereblood, Spider Form, Ice Form.
     0 | D:1      | Reached XP level 1. HP: 17/17 MP: 0/0
   183 | D:1      | Reached XP level 2. HP: 22/22 MP: 0/0
   473 | D:2      | Reached XP level 3. HP: 15/27 MP: 0/0
   473 | D:2      | Learned a level 1 spell: Foxfire
   830 | D:2      | Reached XP level 4. HP: 20/32 MP: 0/0
  1000 | D:2      | Reached skill level 4 in Unarmed Combat
  1000 | D:2      | Reached skill level 3 in Spellcasting
  1000 | D:2      | Reached skill level 3 in Conjurations
  1000 | D:2      | Reached skill level 3 in Hexes
  1000 | D:2      | Reached skill level 3 in Summonings
  1000 | D:2      | Reached skill level 3 in Necromancy
  1000 | D:2      | Reached skill level 3 in Translocations
  1000 | D:2      | Reached skill level 3 in Transmutations
  1000 | D:2      | Reached skill level 3 in Fire Magic
  1000 | D:2      | Reached skill level 3 in Ice Magic
  1000 | D:2      | Reached skill level 3 in Air Magic
  1000 | D:2      | Reached skill level 3 in Earth Magic
  1000 | D:2      | Reached skill level 3 in Poison Magic
  1307 | D:2      | Found a faded altar of an unknown god.
  1366 | D:3      | Found Imijiv's Magic Scroll Shoppe.
  1367 | D:3      | Noticed Sigmund
  1381 | D:3      | Killed Sigmund
  1382 | D:3      | Reached skill level 5 in Unarmed Combat
  1382 | D:3      | Reached XP level 5. HP: 19/37 MP: 0/0
  1382 | D:3      | Learned a level 2 spell: Scorch
  1382 | D:3      | Reached XP level 6. HP: 22/42 MP: 0/0
  1477 | D:3      | Bought a scroll of identify for 22 gold pieces
  1477 | D:3      | Bought a scroll of teleportation for 33 gold pieces
  1477 | D:3      | Bought a scroll of immolation for 44 gold pieces
  1477 | D:3      | Bought a scroll of identify for 22 gold pieces
  1643 | D:3      | Identified the +2 cloak of Tuytoj {+Blink Dex+3}
  2108 | D:3      | Upgraded the game from 0.31-a0-66-ge618eeaa78 to
                  | 0.31-a0-83-gbff143cfd1
  2197 | D:4      | Reached skill level 1 in Evocations
  2226 | D:4      | Found a white marble altar of Elyvilon.
  2309 | D:4      | Reached skill level 4 in Spellcasting
  2309 | D:4      | Reached skill level 4 in Conjurations
  2309 | D:4      | Reached skill level 4 in Hexes
  2309 | D:4      | Reached skill level 4 in Summonings
  2309 | D:4      | Reached skill level 4 in Necromancy
  2309 | D:4      | Reached skill level 4 in Translocations
  2309 | D:4      | Reached skill level 4 in Transmutations
  2309 | D:4      | Reached skill level 4 in Fire Magic
  2309 | D:4      | Reached skill level 4 in Ice Magic
  2309 | D:4      | Reached skill level 4 in Air Magic
  2309 | D:4      | Reached skill level 4 in Earth Magic
  2309 | D:4      | Reached skill level 4 in Poison Magic
  2309 | D:4      | Reached XP level 7. HP: 32/47 MP: 0/0
  2309 | D:4      | Learned a level 2 spell: Static Discharge
  2454 | D:4      | Noticed Eustachio
  2539 | D:4      | HP: 1/47 [iron imp[Eustachio] (11)]
  2730 | D:3      | Killed Eustachio
  2731 | D:3      | Reached skill level 2 in Evocations
  2804 | D:4      | Found a runed translucent door.
  2804 | D:4      | Noticed pk666's ghost (amateur DEHW)
  2903 | D:4      | Reached skill level 6 in Unarmed Combat
  3123 | D:5      | Entered Level 5 of the Dungeon
  3175 | D:5      | Reached skill level 3 in Evocations
  3175 | D:5      | Reached XP level 8. HP: 33/52 MP: 0/0
  3392 | D:5      | HP: 2/52 [orc/+0 club (2)]
  3860 | D:5      | Found a staircase to the Ecumenical Temple.
  4073 | D:6      | Reached skill level 4 in Evocations
  4203 | D:6      | Reached skill level 7 in Unarmed Combat
  4538 | D:6      | Reached skill level 5 in Spellcasting
  4538 | D:6      | Reached skill level 5 in Conjurations
  4538 | D:6      | Reached skill level 5 in Hexes
  4538 | D:6      | Reached skill level 5 in Summonings
  4538 | D:6      | Reached skill level 5 in Necromancy
  4538 | D:6      | Reached skill level 5 in Translocations
  4538 | D:6      | Reached skill level 5 in Transmutations
  4538 | D:6      | Reached skill level 5 in Fire Magic
  4538 | D:6      | Reached skill level 5 in Ice Magic
  4538 | D:6      | Reached skill level 5 in Air Magic
  4538 | D:6      | Reached skill level 5 in Earth Magic
  4538 | D:6      | Reached skill level 5 in Poison Magic
  4650 | D:6      | Reached XP level 9. HP: 57/57 MP: 0/0
  4650 | D:6      | Learned a level 4 spell: Passage of Golubria
  4738 | D:6      | Reached skill level 5 in Evocations
  5336 | D:7      | Reached skill level 8 in Unarmed Combat
  5340 | D:7      | Reached skill level 6 in Evocations
  5440 | D:7      | Identified the +7 sling "Ipsuc" {drain, rC+}
  5834 | D:8      | Noticed a death yak
  5837 | D:8      | Noticed a death yak
  5961 | D:8      | HP: 1/57 [shadow (8)]
  5965 | D:8      | Slain by a shadow

Illustrated notes

Levels and vault maps discovered:
D:1:      minmay_arrival_five_plusses, layout_rooms
D:2:      layout_loops_ring, shapermc_ecumenical_altar_petra
D:3:      layout_loops_cross, serial_shops, nicolae_shop_waterfront,
          uniq_sigmund
D:4:      layout_rooms, kennysheep_little_box, hellmonk_ghost_happy_afterlife,
          serial_bayou_pond_b, minmay_quadrilaterals, uniq_eustachio
D:5:      layout_gridville, temple_fountains, hangedman_decor_lopped
D:6:      layout_basic
D:7:      layout_rooms, serial_corexii_hall, corexii_hall_statues_x,
          corexii_hall_statues_x, moated_statue
D:8:      layout_basic, dpeg_lair_monsters

Skill      XL: |  1  2  3  4  5  6  7  8  9 |
---------------+----------------------------+-----
Unarmed Combat | 5 6 7 8 |  8.4
Spellcasting   | 3 4 5 |  5.7
Conjurations   | 3 4 5 |  5.7
Hexes          | 3 4 5 |  5.7
Summonings     | 3 4 5 |  5.7
Necromancy     | 3 4 5 |  5.7
Translocations | 3 4 5 |  5.7
Transmutations | 3 4 5 |  5.7
Fire Magic     | 3 4 5 |  5.7
Ice Magic      | 3 4 5 |  5.7
Air Magic      | 3 4 5 |  5.7
Earth Magic    | 3 4 5 |  5.7
Poison Magic   | 3 4 5 |  5.7
Evocations     | 1 3 4 6 |  6.4
Fighting       | |  1.1
Throwing       | |  0.2
Dodging        | |  2.3

Action                     |  1- 3 |  4- 6 |  7- 9 || total
---------------------------+-------+-------+-------++-------
  Melee: Unarmed           |    96 |   167 |   421 ||   684
         Headbutt          |     6 |     3 |       ||     9
         Punch             |     2 |     5 |    10 ||    17
   Cast: Beastly Appendage |     3 |     5 |       ||     8
         Spider Form       |       |     7 |    15 ||    22
         Wereblood         |       |       |     4 ||     4
         Ice Form          |       |       |     1 ||     1
    Use: Scroll            |       |     5 |     4 ||     9
   Stab: Sleeping          |     1 |     2 |     4 ||     7
 Armour: Robe              |    17 |    23 |    94 ||   134
         Skin              |       |     1 |    18 ||    19
  Dodge: Dodged            |    57 |    84 |   341 ||   482

Table legend: (Time is in decaauts)
 A = Elapsed time spent in this place.
 B = Non-inter-level travel time spent in this place.
 C = Inter-level travel time spent in this place.
 D = Time resting spent in this place.
 E = Time spent auto-exploring this place.
 F = Levels seen in this place.
 G = Mean time per level.
                   A        B        C        D        E       F      G
               +--------+--------+--------+--------+--------+-----+--------+
         Total |   5892 |   5680 |    212 |   1095 |   3172 |   8 |  736.5 |
       Dungeon |   5892 |   5680 |    212 |   1095 |   3172 |   8 |  736.5 |
               +--------+--------+--------+--------+--------+-----+--------+

Top non-repeatable levels by time:
     D:3: 1013 daAuts
     D:7: 962 daAuts
     D:6: 942 daAuts
     D:2: 929 daAuts
     D:5: 870 daAuts
     D:4: 728 daAuts
     D:1: 421 daAuts
     D:8: 24 daAuts
